 Dungeon Crawl Stone Soup version 0.29-a0-219-g0a02b1cf4f (webtiles) character file.

Game seed: 4100062417157500859

954 sammy202020 the Skirmisher (level 7, 0/56 HPs)
             Began as a Demonspawn Berserker on Feb 26, 2022.
             Was a Priest of Trog.
             Succumbed to a water moccasin's poison
             ... on level 5 of the Dungeon.
             The game lasted 00:10:57 (5262 turns).

sammy202020 the Skirmisher (Demonspawn Berserker)   Turns: 5262, Time: 00:10:57

Health: 0/56       AC: 13    Str: 19    XL:     7   Next: 91%
Magic:  7/7        EV:  7    Int:  8    God:    Trog [***...]
Gold:   257        SH:  0    Dex: 13    Spells: 6/6 levels left

rFire   . . .      SeeInvis .   j - +0 flail
rCold   + . .      Faith    .   (no shield)
rNeg    . . .      Spirit   .   h - +0 plate armour
rPois   .          Reflect  .   (no helmet)
rElec   .          Harm     .   (no cloak)
rCorr   .          Rampage  .   f - +0 pair of gloves
Will    ++...                   (no boots)
Stlth   ..........              (no amulet)
HPRegen 1.18/turn               c - ring of protection from cold
MPRegen 0.10/turn               (no ring)

@: lethally poisoned (0 -> -1), strong-willed, on berserk cooldown, regenerating
A: weakness stinger 2
a: Renounce Religion, Berserk, Trog's Hand


You were on level 5 of the Dungeon.
You worshipped Trog.
Trog was most pleased with you.
You visited 1 branch of the dungeon, and saw 5 of its levels.

You collected 257 gold pieces.

Inventory:

Hand Weapons
 j - a +0 flail (weapon)
Armour
 f - a +0 pair of gloves (worn)
 h - a +0 plate armour (worn)
Jewellery
 c - a ring of protection from cold (left hand)
Scrolls
 a - 3 scrolls of noise {unknown}
 g - a scroll of immolation {unknown}
 k - a scroll of silence {unknown}
 l - a scroll of identify
 m - a scroll of blinking {unknown}
Potions
 b - 2 potions of mutation {unknown}
 d - 2 potions of attraction {unknown}
 e - 5 potions of curing {unknown}
 i - 2 potions of heal wounds {unknown}


   Skills:
 + Level 5.4 Fighting
 + Level 4.8 Maces & Flails
 + Level 4.4 Armour
 + Level 4.4 Dodging


You had 6 spell levels left.
You didn't know any spells.
Your spell library was empty.

Dungeon Overview and Level Annotations

Branches:
Dungeon (5/15)
 Temple: D:4-7

Altars:
Cheibriados
Elyvilon


Innate Abilities, Weirdness & Mutations

You have a tail ending in a sharp stinger.


Message History

You sock the hound!
The hound is heavily wounded.
The hound closely misses you. The hound bites you but does no damage.
The water moccasin bites you but does no damage.
You miss the hound.
The hound is heavily wounded.
You feel yourself speed up. The hound bites you but does no damage.
The water moccasin bites you.
You are poisoned.
The water moccasin poisons you! The hound bites you but does no damage.
The water moccasin bites you.
You are more poisoned.
The water moccasin poisons you! The hound bites you but does no damage.
You feel extremely sick.
The water moccasin bites you but does no damage.
You feel very sick. The water moccasin bites you!
* * * LOW HITPOINT WARNING * * *
Your skin crawls.
You feel strong-willed.
You feel very sick.
The water moccasin bites you but does no damage.
You feel very sick. The water moccasin bites you.
* * * LOW HITPOINT WARNING * * *
You miss the water moccasin.
* * * LOW HITPOINT WARNING * * *
You feel very sick. The water moccasin closely misses you.
Okay, then.
You miss the water moccasin. You tail-slap the water moccasin.
The water moccasin is lightly wounded.
* * * LOW HITPOINT WARNING * * *
You feel sick.
The water moccasin bites you but does no damage.
The water moccasin bites you.
* * * LOW HITPOINT WARNING * * *
You closely miss the water moccasin.
The water moccasin is lightly wounded.
You die...

..... .... .... .> #..#
.# #..# .. ######.)###.
........#..
..#####...#@#.# ####
#.........#S#.#.....
#..........h........
#......#..#.#.......
.ยง##..##....#...#.####
.............#..# .#
...........<.#..# ..
...#...........## ..
#.............# .


You could see a water moccasin and a hound.

Vanquished Creatures
  A water moccasin (D:4)
  A black bear (D:4)
  2 ice beasts (D:5)
  A scorpion (D:4)
  A killer bee (D:4)
  A howler monkey (D:4)
  2 hounds (D:4)
  2 jellies (D:4)
  An orc priest (D:3)
  Jessica (D:2)
  4 orc wizards
  4 adders
  An ufetubus (D:5)
  5 worms
  4 dart slugs
  13 orcs
  5 bats
  10 endoplasms
  3 giant cockroaches
  9 goblins
  7 hobgoblins
  2 jackals (D:3)
  6 quokkas
  11 ball pythons
  4 frilled lizards
  6 kobolds
  2 rats (D:3)
109 creatures vanquished.

Notes
Turn   | Place    | Note
-------+----------+-------------------------------------------
     0 | D:1      | sammy202020 the Demonspawn Berserker began the quest for
                  | the Orb.
     0 | D:1      | Reached XP level 1. HP: 18/18 MP: 1/1
   298 | D:1      | Gained mutation: You have a small tail. [demonic ancestry]
   298 | D:1      | Reached XP level 2. HP: 17/24 MP: 2/2
  1071 | D:2      | Reached ** piety under Trog
  1145 | D:2      | Gained mutation: You have a tail ending in a sharp stinger.
                  | [demonic ancestry]
  1145 | D:2      | Reached XP level 3. HP: 29/29 MP: 3/3
  1161 | D:2      | Found a faded altar of an unknown god.
  1244 | D:2      | Noticed Jessica
  1252 | D:2      | Killed Jessica
  1370 | D:2      | Found a snail-covered altar of Cheibriados.
  1562 | D:2      | Reached XP level 4. HP: 34/35 MP: 4/4
  1968 | D:3      | Reached XP level 5. HP: 42/42 MP: 5/5
  2127 | D:3      | Reached skill level 4 in Fighting
  3109 | D:3      | Reached *** piety under Trog
  3396 | D:4      | Reached XP level 6. HP: 29/48 MP: 6/6
  4119 | D:4      | HP: 1/49 [poisoned by a killer bee]
  4137 | D:4      | HP: 2/47 [orc wizard/+0 dagger of draining (2)]
  4341 | D:4      | Reached XP level 7. HP: 20/52 MP: 7/7
  4637 | D:4      | Reached skill level 5 in Fighting
  5118 | D:5      | Entered Level 5 of the Dungeon
  5260 | D:5      | HP: 2/56 [poisoned by a water moccasin]
  5262 | D:5      | Succumbed to a water moccasin's poison

Illustrated notes

Levels and vault maps discovered:
D:1:      dpeg_arrival_three_same_balls, layout_basic, grunt_decor_one_mirror,
          lemuel_old_faithful
D:2:      layout_basic, basic_altar, shapermc_ecumenical_altar_starsandcircs,
          uniq_jessica
D:3:      layout_loops_ring, nicolae_elyvilon_peaceful_grove,
          minmay_quadrilaterals
D:4:      layout_rooms, dk_noncrumbling_4, nzn_random_ring
D:5:      layout_rooms, nicolae_dithmenos_the_darkroom, temple_fountains,
          serial_shops, shop, serial_curves, eino_curves_02, eino_curves_03,
          eino_curves_03, uniq_blork_the_orc

Skill      XL: |  1  2  3  4  5  6  7 |
---------------+----------------------+-----
Dodging        | 2 3 4 |  4.4
Armour         | 2 3 4 |  4.4
Maces & Flails | 3 4 |  4.8
Fighting       | 4 5 |  5.4

Action                   |  1- 3 |  4- 6 |  7- 9 || total
-------------------------+-------+-------+-------++-------
Melee: Mace              |    55 |       |       ||    55
       Punch             |     2 |     3 |       ||     5
       Tailslap          |    10 |    34 |    10 ||    54
       Flail             |    30 |   225 |    70 ||   325
Invok: Berserk           |       |     4 |     2 ||     6
       Trog's Hand       |       |       |     1 ||     1
  Use: Scroll            |     3 |       |       ||     3
       Potion            |       |     1 |       ||     1
Armor: Animal skin       |     9 |       |       ||     9
       Plate armour      |    34 |   171 |    66 ||   271
Dodge: Dodged            |    36 |    73 |    32 ||   141

Table legend: (Time is in decaauts)
 A = Elapsed time spent in this place.
 B = Non-inter-level travel time spent in this place.
 C = Inter-level travel time spent in this place.
 D = Time resting spent in this place.
 E = Time spent auto-exploring this place.
 F = Levels seen in this place.
 G = Mean time per level.
                   A        B        C        D        E       F      G
               +--------+--------+--------+--------+--------+-----+--------+
         Total |   5392 |   5197 |    195 |   1125 |   3053 |   5 | 1078.4 |
       Dungeon |   5392 |   5197 |    195 |   1125 |   3053 |   5 | 1078.4 |
               +--------+--------+--------+--------+--------+-----+--------+

Top non-repeatable levels by time:
     D:4: 1965 daAuts
     D:3: 1301 daAuts
     D:1: 1023 daAuts
     D:2: 945 daAuts
     D:5: 156 daAuts
